 Dungeon Crawl Stone Soup version 0.31.0-9-g3a7656b989 (webtiles) character file.

Game seed: 6981003406498314203

218 shayaa the Chopper (level 5, -6/46 (48) HPs)
             Began as a Minotaur Berserker on Jan 24, 2024.
             Was a Believer of Trog.
             Mangled by Crazy Yiuf
             ... wielding a +2 quarterstaff of chaos
              (7 damage)
             ... on level 3 of the Dungeon.
             The game lasted 00:03:28 (2791 turns).

shayaa the Chopper (Minotaur Berserker)             Turns: 2791, Time: 00:03:28

HP:   -6/46 (48)    AC:  7    Str: 23    XL:     5   Next: 63%
MP:   4/4           EV: 11    Int:  4    God:    Trog [**....]
Gold: 199           SH:  0    Dex: 10    Spells: 4/4 levels left

rFire   + . .        s - +0 mace
rCold   . . .        (no shield)
rNeg    . . .        n - +2 ring mail {rF+}
rPois   .            (helmet restricted)
rElec   .            (no cloak)
rCorr   .            (no gloves)
SInv    .            (no boots)
Will    .....        (no amulet) Stlth
                     (no ring)
HPRegen 0.27/turn    (no ring)
MPRegen 0.09/turn

%: no passive effects
@: confused, lethally poisoned (-6 -> -11), lightly drained
A: horns 2, retaliatory headbutt
a: Renounce Religion, Berserk, Trog's Hand


You were on level 3 of the Dungeon.
You worshipped Trog.
Trog was pleased with you.
You visited 1 branch of the dungeon, and saw 3 of its levels.

You collected 199 gold pieces.

Inventory:

Hand Weapons
 a - a +0 hand axe
 l - a +0 club
 s - a +0 mace (weapon)
Armour
 b - a +0 animal skin
 n - a +2 ring mail of fire resistance (worn)
 t - a +0 scale mail
Wands
 k - a wand of charming (10)
 u - a wand of mindburst (19)
 w - a wand of acid (11)
Scrolls
 c - a scroll of immolation {unknown}
 e - a scroll of amnesia {unknown}
 g - 2 scrolls of fear {unknown}
 i - a scroll of enchant weapon {unknown}
 o - a scroll of torment {unknown}
 p - a scroll of enchant armour {unknown}
 r - 2 scrolls of teleportation {unknown}
 v - a scroll of identify {unknown}
Potions
 d - 3 potions of curing {unknown}
 f - a potion of haste {unknown}
 h - 4 potions of heal wounds {unknown}
 j - a potion of resistance {unknown}
 m - a potion of degeneration {unknown}
 q - a potion of enlightenment {unknown}
 x - a potion of magic {unknown}


   Skills:
 + Level 5.2 Fighting
 + Level 5.5(5.6) Axes
 + Level 1.2(3.7) Maces & Flails
 + Level 2.9 Armour
 + Level 3.2 Dodging
 + Level 0.6 Stealth


You had 4 spell levels left.
You didn't know any spells.
Your spell library was empty.

Dungeon Overview and Level Annotations

Branches:
Dungeon (3/15)

Altars:

Shops:
D:1 ?

Annotations:
D:3 Crazy Yiuf


Innate Abilities, Weirdness & Mutations

You have a pair of horns on your head.
You reflexively headbutt those who attack you in melee.


Message History

You are poisoned.
Aiming: Mindburst
Press: ? - help, Q - select action, (/) - cycle Shift-Dir - straight line, f - Crazy Yiuf
Aim: Crazy Yiuf, wielding a +2 quarterstaff of chaos and wearing a +0 cloak (chance to affect: 72%) Crazy Yiuf's mind is blasted!
You feel sick. Crazy Yiuf barely misses you.
You hit Crazy Yiuf.
Crazy Yiuf is almost dead.
You feel sick. Crazy Yiuf closely misses you. You furiously retaliate!
You headbutt Crazy Yiuf. You hit Crazy Yiuf but do no damage.
Crazy Yiuf is almost dead.
You feel sick. Crazy Yiuf barely misses you.
You closely miss Crazy Yiuf.
Crazy Yiuf is almost dead.
You feel sick.
Crazy Yiuf hits you with a +2 quarterstaff of chaos!
You are confused.
Crazy Yiuf barely misses you.
You bump into the tree.
You feel sick.
Crazy Yiuf hits you with a +2 quarterstaff of chaos.
You feel drained.
You bump into the tree.
You feel sick.
You are no longer poisoned.
Crazy Yiuf hits you with a +2 quarterstaff of chaos.
Crazy Yiuf freezes you.
You closely miss Crazy Yiuf.
Crazy Yiuf is almost dead.
Crazy Yiuf hits you with a +2 quarterstaff of chaos!
* * * LOW HITPOINT WARNING * * *
You bump into the tree.
Crazy Yiuf hits you with a +2 quarterstaff of chaos.
* * * LOW HITPOINT WARNING * * *
You are lethally poisoned!
You closely miss Crazy Yiuf.
Crazy Yiuf is almost dead.
* * * LOW HITPOINT WARNING * * *
You feel very sick.
Crazy Yiuf hits you with a +2 quarterstaff of chaos!
You die...

........'....')..†...'...........
........#..###########.......###.
........#### #.......###.
#'####### ##### #........... #.#
#)..# #........### #.# #...#
#........# #.# ... #........#
#.##### #g# ########.#
#.....###### ♣@♣♣ #.#
#.....'....# ♣♣.♣ #÷#
#.....###### ♣.♣♣ ####.# #.....#
♣♣.♣ #####..#.# #.....# ♣♣.♣♣
#........# #.....# ♣♣...♣
#........# #.....# ♣....♣
#........# #.....# #....#
#........# #...).#
#....###........#


You could see Crazy Yiuf.

Vanquished Creatures
  A black bear (D:3)
  Terence (D:2)
  Robin (D:2)
  2 adders
  A gnoll (D:1)
  A dart slug (D:1)
  2 ribbon worms
  4 endoplasms
  2 giant cockroaches
  6 goblins
  6 hobgoblins
  4 jackals (D:1)
  9 kobolds
  2 quokkas
  7 ball pythons
  3 bats (D:1)
  2 frilled lizards (D:2)
  4 rats
58 creatures vanquished.

Notes
Turn   | Place    | Note
-------+----------+-------------------------------------------
     0 | D:1      | shayaa the Minotaur Berserker began the quest for the Orb.
     0 | D:1      | Reached XP level 1. HP: 19/19 MP: 0/0
   247 | D:1      | Reached XP level 2. HP: 24/27 MP: 1/1
   382 | D:1      | Reached XP level 3. HP: 33/33 MP: 2/2
   509 | D:1      | Found The Oracle's Delphic Readings.
   599 | D:1      | Reached ** piety under Trog
   728 | D:1      | Found a faded altar of an unknown god.
  1062 | D:2      | Noticed Robin
  1075 | D:2      | Killed Robin
  1076 | D:2      | Reached skill level 5 in Axes
  1076 | D:2      | Reached XP level 4. HP: 11/41 MP: 3/3
  1787 | D:2      | Noticed Terence
  1796 | D:2      | Killed Terence
  2136 | D:3      | Noticed a black bear
  2146 | D:3      | Killed a black bear
  2147 | D:3      | Reached skill level 5 in Fighting
  2147 | D:3      | Reached skill level 1 in Maces & Flails
  2147 | D:3      | Reached XP level 5. HP: 34/48 MP: 4/4
  2541 | D:3      | Found a runed translucent door.
  2542 | D:3      | Noticed Crazy Yiuf
  2791 | D:3      | HP: 1/46 [poisoned by Crazy Yiuf]
  2791 | D:3      | Mangled by Crazy Yiuf

Illustrated notes

Levels and vault maps discovered:
D:1:      sevenhm_arrival_forest_fort_large_2, layout_loops_ring,
          shapermc_ecumenical_altar_petra, nicolae_nh_oracle_at_delphi
D:2:      layout_loops_ring, uniq_robin, uniq_terence
D:3:      layout_basic, uniq_crazy_yiuf_cottage

Skill      XL: |  1  2  3  4 |
---------------+-------------+-----
Axes           | 4 5 |  5.5
Fighting       | 4 5 |  5.2
Maces & Flails | 1 |  1.2
Dodging        | 3 |  3.2
Armour         | |  2.9
Stealth        | |  0.6

Action                     |  1- 3 |  4- 6 || total
---------------------------+-------+-------++-------
  Melee: Hand axe          |    71 |       ||    71
         Headbutt          |    10 |     6 ||    16
         Club              |       |    28 ||    28
         Mace              |       |    47 ||    47
         Punch             |       |     1 ||     1
  Evoke: Wand              |       |     1 ||     1
 Armour: Animal skin       |    56 |     9 ||    65
         Ring mail         |       |    62 ||    62
  Dodge: Dodged            |    61 |    52 ||   113
